 Dungeon Crawl Stone Soup version 0.28-a0-957-g42eb19b844 (webtiles) character file.

Game seed: 14594705112206736703

57 vurker the Gusty (level 3, -4/15 HPs)
             Began as a Felid Air Elementalist on Nov 30, 2021.
             Killed from afar by a starcursed mass (5 damage)
             ... with an accursed screaming
             ... on level 1 of the Abyss.
             The game lasted 00:01:19 (1968 turns).

vurker the Gusty (Felid Air Elementalist)           Turns: 1968, Time: 00:01:19

Health: -4/15      AC:  1    Str:  4    XL:     3   Next: 73%
Magic:  8/8        EV: 17    Int: 24    God:
Gold:   53         SH:  0    Dex: 16    Spells: 6/7 levels left
                                        Lives:  0   Deaths: 0

rFire   . . .      SeeInvis +   (weapon unavailable)
rCold   . . .      Faith    .   (shield unavailable)
rNeg    . . .      Spirit   .   (armour unavailable)
rPois   .          Reflect  .   (helmet unavailable)
rElec   .          Harm     .   (cloak unavailable)
rCorr   .          Rampage  .   (gloves unavailable)
Will    .....                   (boots unavailable)
Stlth   ++........              f - amulet of magic regeneration
HPRegen 0.05/turn               d - +6 ring of intelligence
MPRegen 0.51/turn               (no ring)

@: quick
A: very small, claws 1, fangs 3, see invisible, speed 1, shaggy fur 1, stealthy
paws, no weapons or thrown items, no armour, multi-lived
a: no special abilities


You were on level 1 of the Abyss.
You visited 1 branch of the dungeon, and saw 2 of its levels.
You visited the Abyss 1 time.

You collected 53 gold pieces.

Inventory:

Jewellery
 d - a +6 ring of intelligence (left paw)
   (You found it on level 1 of the Dungeon)
 f - an amulet of magic regeneration (around neck)
   (You found it on level 2 of the Dungeon)
Scrolls
 b - 3 scrolls of enchant armour {unknown}
 e - a scroll of fog {unknown}
Potions
 a - a potion of berserk rage {unknown}
 c - a potion of lignification {unknown}


   Skills:
 + Level 1.1 Fighting
 - Level 2.6 Dodging
 - Level 2.6 Stealth
 * Level 2.7 Spellcasting
 + Level 1.5 Conjurations
 * Level 3.3 Air Magic


You had 6 spell levels left.
You knew the following spells:

 Your Spells              Type           Power      Damage    Failure   Level
a - Shock                 Conj/Air       56%        1d6       4%          1

Your spell library contained the following spells:

 Spells                   Type           Power      Damage    Failure   Level
 Static Discharge         Conj/Air       14%        N/A       6%          2
 Swiftness                Air            19%        N/A       9%          3
 Airstrike                Air            9%         N/A       28%         4


Dungeon Overview and Level Annotations

Branches:
Dungeon (2/15)

Altars:


Innate Abilities, Weirdness & Mutations

You have sharp claws.
You have razor-sharp teeth.
You have supernaturally acute eyesight. (SInv)
You cover ground quickly. (Speed+)
You are covered in fur. (AC +1)
Your paws help you pounce on unaware monsters.
You are incapable of wielding weapons or throwing items.
You cannot wear armour.
You gain extra lives every three experience levels.


Message History

Key pressed, stopping explore.
You can't see any susceptible monsters within range! (Use Z to cast anyway.)
You start putting on your amulet.
You continue putting on your amulet of magic regeneration. x5
You finish putting on your amulet of magic regeneration.
f - an amulet of magic regeneration (around neck)
A gnoll comes into view. It is wielding a +0 spear.
Aim: a gnoll, wielding a +0 spear (asleep, 100% to hit)
The zap hits the gnoll.
The gnoll shouts!
You hear a shout!
A gnoll comes into view.
It is wielding a +3 halberd of distortion.
Aim: a gnoll, wielding a +0 spear (moderately wounded, 75% to hit)
The zap hits the gnoll.
The gnoll shouts!
You hear a shout! x3
There is an escape hatch in the ceiling here.
You can't see any susceptible monsters within range! (Use Z to cast anyway.)
You can't see any susceptible monsters within range! (Use Z to cast anyway.)
Aim: a gnoll, wielding a +0 spear (severely wounded, 75% to hit)
The zap hits the gnoll. x2
Aim: a gnoll, wielding a +0 spear (almost dead, 75% to hit)
The zap misses the gnoll.
The zap hits the gnoll.
You kill the gnoll!
Aim: a gnoll, wielding a +3 halberd of distortion (lightly wounded, 75% to hit)
The zap hits the gnoll.
There is an escape hatch in the ceiling here.
Aim: a gnoll, wielding a +3 halberd of distortion (moderately wounded, 75% to hit)
You miscast Shock.
You are very lightly contaminated with residual magic.
Nothing appears to happen.
Aim: a gnoll, wielding a +3 halberd of distortion (moderately wounded, 75% to hit)
The zap hits the gnoll.
The gnoll completely misses you.
Aim: a gnoll, wielding a +3 halberd of distortion (heavily wounded, 75% to hit)
The zap hits the gnoll.
A gnoll comes into view. It is wielding a +0 club.
The gnoll hits you from afar with a +3 halberd of distortion.
You are cast into the Abyss!
This branch contains the abyssal rune of Zot.
Your magical contamination has completely faded away.
A starcursed mass assembles itself!
A starcursed mass splits.
A chorus of shrieks assaults your mind. A chorus of shrieks assaults your mind.
* * * LOW HITPOINT WARNING * * *
A starcursed mass splits. x2
A starcursed mass splits.
A starcursed mass splits. x2
A starcursed mass splits.
A wight comes into view.
It is wielding a +1 flail of protection.
A deafening chorus of shrieks assaults your mind!
You die...

. #### . .#..
#..#....#### #.#.
.....#..... #
....#..##....###
##.# .
...#........#.##..
.z##.......X#X.X..#
##..#..##....XX..##
...........X.X....#
#..@..#... .###
##.###......# ###
####.### .#≈≈≈≈§≈≈
#. .≈#§§.≈.
#§≈≈.)#≈≈.≈≈#
.##§.≈#≈.###≈≈ #≈≈≈
≈..≈ . # . ....


You could see 6 starcursed masses and a wight.

Vanquished Creatures
  An adder (D:2)
  A gnoll (D:2)
  A dart slug (D:1)
  An endoplasm (D:2)
  6 goblins (D:1)
  3 hobgoblins (D:1)
  5 kobolds
  A quokka (D:1)
  4 ball pythons
  6 bats
  2 frilled lizards (D:1)
  3 rats
34 creatures vanquished.

Vanquished Creatures (others)
  2 fungi (D:1)
2 creatures vanquished.

Grand Total: 36 creatures vanquished

Notes
Turn   | Place    | Note
-------+----------+-------------------------------------------
     0 | D:1      | vurker the Felid Air Elementalist began the quest for the
                  | Orb.
     0 | D:1      | Reached XP level 1. HP: 7/7 MP: 4/4
    74 | D:1      | Reached skill level 1 in Conjurations
   218 | D:1      | Found a faded altar of an unknown god.
   247 | D:1      | Reached XP level 2. HP: 12/12 MP: 1/6
   650 | D:1      | Reached skill level 3 in Air Magic
  1035 | D:1      | Reached XP level 3. HP: 15/15 MP: 4/7
  1544 | D:2      | Reached skill level 1 in Fighting
  1868 | D:2      | Cast into level 1 of the Abyss (gnoll)
  1960 | Abyss:1  | Noticed a starcursed mass
  1968 | Abyss:1  | Killed from afar by a starcursed mass

Illustrated notes

Levels and vault maps discovered:
D:1:      ncdulo_halloftheorcs, layout_loops_ring, shapermc_ecumenical_altar_gd,
          amcnicky_mini_rare_corridor_liquid, minmay_fountain_box
D:2:      kennysheep_big_flooded_room, layout_basic
Abyss:1:  base:
D:2

Skill      XL: |  1  2  3 |
---------------+----------+-----
Conjurations   | 1 |  1.5
Air Magic      | 3 |  3.3
Fighting       | 1 |  1.1
Dodging        | |  2.6
Stealth        | |  2.6
Spellcasting   | |  2.7

Action                   || total
-------------------------++-------
Melee: Unarmed           ||     2
 Cast: Shock             ||    71
Armor: Skin              ||     2
Dodge: Dodged            ||    16

Table legend: (Time is in decaauts)
 A = Elapsed time spent in this place.
 B = Non-inter-level travel time spent in this place.
 C = Inter-level travel time spent in this place.
 D = Time resting spent in this place.
 E = Time spent auto-exploring this place.
 F = Levels seen in this place.
 G = Mean time per level.
                   A        B        C        D        E       F      G
               +--------+--------+--------+--------+--------+-----+--------+
         Total |   1787 |   1761 |     26 |      0 |   1589 |   3 |  595.7 |
       Dungeon |   1689 |   1663 |     26 |      0 |   1498 |   2 |  844.5 |
         Abyss |     98 |     98 |      0 |      0 |     91 |   1 |   98.0 |
               +--------+--------+--------+--------+--------+-----+--------+

Top non-repeatable levels by time:
     D:1: 1157 daAuts
     D:2: 531 daAuts
 Abyss:1: 98 daAuts
